AoeStats
← changochan

Arabia

511620249Analyzed
1v1 RM · 13d ago on Oct 5, 2026· 33m 44s· 2 players
Game mode
Random Map
Map size
Tiny (2 player)
Population
200
Speed
Normal
Resources
Standard
Victory
Conquest
Starting age
Dark Age
Ending age
Imperial Age
RankedLock teamsTeams togetherTeam positionsShared explorationLock speedFull tech treeHidden civsTurbo modeCheats
Victory
Defeat
🇵🇪 Mongols · Peru
1055
+16
vs
🇦🇷 Britons · Argentina
1056
-16
VIT | Aguilax
9:00 Feudal Age
9:04 Man-at-Arms
11:19 Loom
15:37 Fletching
16:18 Double-Bit Axe
17:37 Padded Archer Armor
19:41 Scale Mail Armor
25:31 Castle Age
24:22 Gold Mining
26:29 Bodkin Arrow
26:50 Leather Archer Armor
27:25 Gold Shaft Mining
27:06 Bow Saw
27:56 Ballistics
28:06 Bloodlines
changochan
3:30 Loom
11:14 Feudal Age
15:21 Fletching
16:10 Padded Archer Armor
17:49 Double-Bit Axe
18:52 Horse Collar
19:10 Town Watch
23:54 Castle Age
24:18 Crossbowman
24:58 Bodkin Arrow
27:28 Leather Archer Armor
33:52 Ballistics
Connection lost

Rejoining the realm…

Still unreachable

The connection could not be restored.

Session expired

The server has moved on; the page needs a fresh start.